 Dungeon Crawl Stone Soup version 0.17.0-25-gefc9c12 (webtiles) character file.

460 septik the Cudgeler (level 7, 0/41 HPs)
             Began as a Gargoyle Fighter on Nov 19, 2015.
             Was an Initiate of Okawaru.
             Slain by a centaur (6 damage)
             ... on level 7 of the Dungeon.
             The game lasted 00:07:00 (3158 turns).

septik the Cudgeler (Gargoyle Fighter)              Turns: 3158, Time: 00:07:00

Health: 0/41       AC: 14    Str: 23    XL:     7   Next: 7%
Magic:  7/7        EV:  7    Int: 11    God:    Okawaru [......]
Gold:   307        SH:  9    Dex: 11    Spells: 0 memorised, 6 levels left

rFire  . . .     SeeInvis .     g - +5 spear (freeze)
rCold  . . .     Clarity  .     o - +1 scale mail "Symnou" {rElec Str+3 Int+3}
rNeg   + . .     SustAt   .     c - +0 shield
rPois  ∞         Gourm    .     m - +0 helmet
rElec  +         Spirit   .     (no cloak)
rCorr  .         Warding  .     (no gloves)
rMut   .         Stasis   .     r - +0 pair of boots
MR     .....                    (no amulet)
Stlth  ..........               (no ring)
                                (no ring)

@: not resistant to hostile enchantments, extremely unstealthy
A: negative energy resistance 1, electricity resistance, unbreathing,
petrification resistance, rot immunity, AC +4
a: Renounce Religion


You were on level 7 of the Dungeon.
You worshipped Okawaru.
Okawaru was noncommittal.
You were hungry.

You visited 2 branches of the dungeon, and saw 7 of its levels.

You collected 307 gold pieces.

Inventory:

Hand Weapons
 a - a +0 flail
 g - a +5 spear of freezing (weapon)
 y - a +0 morningstar
Missiles
 f - 2 throwing nets
 l - 148 stones (quivered)
 s - 57 sling bullets
Armour
 b - a +0 scale mail
 c - a +0 shield (worn)
 m - a +0 helmet (worn)
 o - the +1 scale mail "Symnou" (worn) {rElec Str+3 Int+3}
   (You found it on level 5 of the Dungeon)

   It affects your strength (+3).
   It affects your intelligence (+3).
   It insulates you from electricity.
 r - a +0 pair of boots (worn)
Jewellery
 u - an uncursed amulet of regeneration
Scrolls
 n - a scroll of identify
 q - 2 scrolls of teleportation
 v - a scroll of immolation {unknown}
Potions
 d - a potion of might
 h - 3 potions of curing
 i - a potion of haste {unknown}
 j - 2 potions of heal wounds
 p - 2 potions of cancellation {unknown}
 w - a potion of brilliance {unknown}
 x - 2 potions of flight {unknown}
Comestibles
 e - 4 bread rations
 t - 4 meat rations
 z - a beef jerky


   Skills:
 - Level 3.2 Fighting
 + Level 7.4 Maces & Flails
 - Level 3.2 Armour
 - Level 3.2 Shields


You had 6 spell levels left.
You didn't know any spells.

Dungeon Overview and Level Annotations

Branches:
Dungeon (7/15)             Temple (1/1) D:4

Altars:
Ashenzari
Cheibriados
Dithmenos
Elyvilon
Fedhas
Gozag
Kikubaaqudgha
Makhleb
Nemelex Xobeh
Okawaru
Qazlal
Ru
Sif Muna
Trog
Vehumet
Xom
Yredelemnul
Zin
The Shining One


Innate Abilities, Weirdness & Mutations

You are resistant to torment.
Your stone body is resilient (AC +4).
You are immune to poison.
You resist negative energy.
You are resistant to electric shocks.
You can survive without breathing.
You are immune to petrification.
You are immune to rotting.


Message History

Deactivating autopickup; reactivate with Ctrl-A.
The centaur shoots an arrow.
Attack whom?
Press: ? - help, Dir - move target cursor, f/p - centaur
Aim: a centaur, wielding a shortbow (severely wounded)
Something you can't see is in the way.
You hit something but do no damage.
The centaur shoots an arrow of flame.
The arrow of flame hits you but does no damage.
The arrow of flame burns you.
The centaur shoots an arrow.
Reactivating autopickup.
The centaur shoots an arrow of flame.
The arrow of flame hits you!
* * * LOW HITPOINT WARNING * * *
The arrow of flame burns you.
* * * LOW HITPOINT WARNING * * *
Unknown command.
The centaur unwields an uncursed shortbow.
The centaur hits you but does no damage.
The centaur unwields an uncursed shortbow.
The centaur hits you.
You die...

.... #..........
#..# #..#....#
#.#####......#
#........O...##
##h####...###..#
#h.# #........#
#.##
#.......####


hc# ####.###o.c# ..### ..## #.c@## ....# ### #O##(# ##### ###### # # # You could
see an ogre, 2 centaurs and an orc.

Vanquished Creatures
  An orc warrior (D:7)
  An ogre (D:4)
  An orc wizard (D:7)
  A worker ant (D:4)
  A worker ant zombie (D:5)
  Robin (D:2)
  5 gnolls
  7 adders
  An ooze (D:4)
  2 worms
  A giant gecko (D:4)
  5 orcs
  2 ball pythons (D:2)
  4 bats (D:3)
  20 goblins
  2 hobgoblins
  A quokka (D:2)
  5 giant cockroaches
  3 giant newts
  18 jackals
  8 kobolds
  A quokka skeleton (D:5)
  A quokka zombie (D:5)
  9 rats
101 creatures vanquished.

Vanquished Creatures (others)
  An orc wizard (D:7)
1 creature vanquished.

Grand Total: 102 creatures vanquished

Notes
Turn   | Place    | Note
--------------------------------------------------------------
     0 | D:1      | septik the Gargoyle Fighter began the quest for the Orb.
     0 | D:1      | Reached XP level 1. HP: 14/14 MP: 1/1
    90 | D:1      | Reached XP level 2. HP: 5/19 MP: 2/2
   695 | D:2      | Reached XP level 3. HP: 23/23 MP: 3/3
   697 | D:2      | Found a deep blue altar of Sif Muna.
   768 | D:2      | Noticed Robin
   800 | D:2      | Killed Robin
   800 | D:2      | Reached skill level 4 in Maces & Flails
  1009 | D:2      | Reached XP level 4. HP: 28/28 MP: 4/4
  1358 | D:3      | Reached skill level 5 in Maces & Flails
  1358 | D:3      | Reached XP level 5. HP: 32/32 MP: 5/5
  2293 | D:4      | Noticed an ogre
  2301 | D:4      | Killed an ogre
  2301 | D:4      | Reached skill level 6 in Maces & Flails
  2301 | D:4      | Reached XP level 6. HP: 37/37 MP: 6/6
  2495 | D:4      | Found a staircase to the Ecumenical Temple.
  2501 | Temple   | Entered the Ecumenical Temple
  2591 | Temple   | Became a worshipper of Warmaster Okawaru
  2663 | D:5      | Entered Level 5 of the Dungeon
  2711 | D:5      | Found a shadowy altar of Dithmenos.
  2898 | D:5      | Got a bronze scale mail
  2909 | D:5      | Identified the +1 scale mail "Symnou" {rElec Str+3 Int+3} (You found it on level 5 of the Dungeon)
  3069 | D:5      | You fall through a shaft for 2 floors!
  3150 | D:7      | Reached skill level 7 in Maces & Flails
  3150 | D:7      | Reached XP level 7. HP: 24/41 MP: 7/7
  3153 | D:7      | HP: 2/41 [centaur/arrow of flame (4)]
  3158 | D:7      | Slain by a centaur

Action                   |  1- 3 |  4- 6 |  7- 9 || total
-------------------------+-------+-------+-------++-------
Melee: Flail             |    45 |       |       ||    45
       Spear             |    70 |   202 |     6 ||   278
Throw: Stone             |       |     1 |       ||     1
  Use: Scroll            |       |     8 |       ||     8
       Potion            |       |       |     1 ||     1
  Eat: Chunk             |     1 |     6 |       ||     7
